 Dungeon Crawl Stone Soup version 0.16.1-4-g8e1b745 (console) character file.

35 gw the Magician (level 3, 0/20 HPs)
             Began as a Deep Elf Transmuter on Mar 27, 2015.
             Slain by a worm (9 damage)
             ... on level 2 of the Dungeon.
             The game lasted 00:01:48 (2050 turns).

gw the Magician (Deep Elf Transmuter)               Turns: 2050, Time: 00:01:48

Health: 0/20       AC:  4    Str:  7    XL:     3   Next: 17%
Magic:  11/11      EV: 12    Int: 18    God:
Gold:   41         SH:  0    Dex: 15    Spells: 2 memorised, 4 levels left

rFire  . . .     SeeInvis .       - Unarmed
rCold  . . .     Clarity  .     k - +1 leather armour
rNeg   . . .     SustAb   .     (no shield)
rPois  .         Gourm    .     (no helmet)
rElec  .         Spirit   .     (no cloak)
rCorr  .         Warding  .     (no gloves)
rMut   +         Stasis   .     (boots unavailable)
MR     .....                    g - amulet of resist mutation
Stlth  +.........               (no ring)
                                (no ring)

@: appendage (expiring), very slightly contaminated, hasted (expiring), very
quick, not resistant to hostile enchantments, very unstealthy
A: talons 3
a: End Transformation


You were on level 2 of the Dungeon.
You were hungry.
You had grown temporary talons.
You visited 1 branch of the dungeon, and saw 2 of its levels.

You collected 41 gold pieces.

Inventory:

Missiles
 b - 12 arrows
 i - 12 arrows of flame
Armour
 k - a +1 leather armour (worn)
Jewellery
 g - an amulet of resist mutation (around neck)
Scrolls
 o - a scroll of identify
Books
 d - a book of Changes

   Spells                             Type                      Level
   a - Beastly Appendage              Transmutation                1
   b - Sticks to Snakes               Transmutation                2
   c - Spider Form                    Transmutation/Poison         3
   d - Ice Form                       Ice/Transmutation            4
   e - Blade Hands                    Transmutation                5
Comestibles
 a - 2 bread rations
 j - a royal jelly


   Skills:
 + Level 1.2 Fighting
 + Level 2.8 Dodging
 + Level 2.5 Unarmed Combat
 + Level 3.3 Spellcasting
 * Level 3.1 Transmutations


You had 4 spell levels left.
You knew the following spells:

 Your Spells              Type           Power        Failure   Level  Hunger
a - Beastly Appendage     Trmt           ##....       8%          1    None
b - Spider Form           Trmt/Pois      #.........   43%         3    ###....


Dungeon Overview and Level Annotations

Branches:
Dungeon (2/15)

Altars:


Innate Abilities, Weirdness & Mutations

You have claws for feet.


Message History

Unknown command.
ATTACKING (0,-1)
You hit the worm.
The worm is severely wounded.
Unknown command.
Unknown command.
Unknown command.
Unknown command.
ATTACKING (0,-1)
You hit the worm.
The worm is severely wounded.
Unknown command.
Unknown command.
Unknown command.
Unknown command.
ATTACKING (0,-1)
You hit the worm but do no damage.
The worm is severely wounded.
The worm bites you!
You die...

### ........
......... .......
...... .... ..# #
###w#.# .. #..e..#
#..###..####
#..<.....#
###..###...#.#.#.
..................
.##.###.#....#.##
#<#.#.#### #.#.#.#
#.#.#.#


You could see a worm.

Table legend:
 A = Turns spent in this place as a percentage of turns spent in the entire game.
 B = Non-inter-level travel turns spent in this place as a percentage of non-inter-level travel turns spent in the entire game.
 C = Inter-level travel turns spent in this place as a percentage of turns spent in this place.
 D = Turns resting spent in this place as a percentage of non-inter-level travel turns spent in this place.
 E = Turns spent auto-exploring this place as a percentage of non-inter-level travel turns spent in this place.
 F = Non-inter-level travel turns spent in this place divided by the number of levels of this place that you've seen.
                   A       B       C       D       E      F
               +-------+-------+-------+-------+-------+----------------------
         Total | 100.0 | 100.0 |   0.3 |   2.6 |   2.1 | 1269.5
       Dungeon | 100.0 | 100.0 |   0.3 |   2.6 |   2.1 | 1269.5
               +-------+-------+-------+-------+-------+----------------------

Table legend:
 A = Kills in this place as a percentage of kills in entire the game.
 B = Kills by you in this place as a percentage of kills by you in the entire game.
 C = Kills by friends in this place as a percentage of kills by friends in the entire game.
 D = Other kills in this place as a percentage of other kills in the entire game.
 E = Experience gained in this place as a percentage of experience gained in the entire game.
 F = Experience gained in this place divided by the number of levels of this place that you have seen.
                   A       B       C       D       E      F
               +-------+-------+-------+-------+-------+----------------------
         Total | 100.0 | 100.0 |  -nan |  -nan | 100.0 |  25.5
       Dungeon | 100.0 | 100.0 |  -nan |  -nan | 100.0 |  25.5
               +-------+-------+-------+-------+-------+----------------------

Vanquished Creatures
  2 giant geckos (D:1)
  6 goblins (D:1)
  6 hobgoblins (D:1)
  5 bats (D:1)
  A giant newt (D:1)
  5 kobolds
  6 rats (D:1)
31 creatures vanquished.

Notes
Turn   | Place    | Note
--------------------------------------------------------------
     0 | D:1      | gw, the Deep Elf Transmuter, began the quest for the Orb.
     0 | D:1      | Reached XP level 1. HP: 11/11 MP: 5/5
   232 | D:1      | Reached skill level 1 in Fighting
   796 | D:1      | Reached XP level 2. HP: 10/16 MP: 6/8
  1429 | D:1      | Reached XP level 3. HP: 11/20 MP: 9/11
  1570 | D:1      | Learned a level 3 spell: Spider Form
  2050 | D:2      | Slain by a worm

Action                   || total
-------------------------++-------
Melee: Unarmed           ||   109
 Cast: Beastly Appendage ||    24
  Use: Scroll            ||     6
       Potion            ||     2
  Eat: Chunk             ||     3

Vault maps used:
D:1:      scummos_arrival_gate, corexii_item_surrounded_by_moat
D:2:      lemuel_upstairs_altar, first_bread
